 Dungeon Crawl Stone Soup version 0.30-a0-779-g7971cf19c3 (webtiles) character file.

Game seed: 342352389669158222

44 Smoke131 the Sneak (level 3, -1/19 HPs)
             Began as a Vampire Enchanter on Feb 18, 2023.
             Slain by an adder (4 damage)
             ... on level 1 of the Dungeon.
             The game lasted 00:02:43 (952 turns).

Smoke131 the Sneak (Vampire Enchanter)               Turns: 952, Time: 00:02:43

Health: -1/19      AC:  2    Str:  7    XL:     3   Next: 41%
Magic:  0/6        EV: 13    Int: 17    God:
Gold:   57         SH:  0    Dex: 16    Spells: 1/6 levels left

rFire   . . .      SeeInvis +    a - +1 dagger
rCold   + + .      Faith    .    (no shield)
rNeg    + + +      Spirit   .    l - +0 robe {Will+}
rPois   ∞          Reflect  .    (no helmet)
rElec   .          Harm     .    (no cloak)
rCorr   .          Rampage  .    (no gloves)
Will    +....                    (no boots)
Stlth   +++++                    (no amulet)
HPRegen 0.00/turn                (no ring)
MPRegen 0.10/turn                (no ring)

@: bloodless, inhibited regen
A: bloodless, fangs 3, see invisible, vampiric 2
a: Bat Form, Revivify


You were on level 1 of the Dungeon.
You visited 1 branch of the dungeon, and saw 2 of its levels.

You collected 57 gold pieces.

Inventory:

Hand Weapons
 a - a +1 dagger (weapon)
Armour
 l - a +0 robe of willpower (worn)
Scrolls
 d - 5 scrolls of identify {unknown}
 g - a scroll of silence {unknown}
 h - a scroll of fear {unknown}
 k - a scroll of acquirement {unknown}
Potions
 c - 2 potions of invisibility
 e - 3 potions of curing {unknown}
 f - 2 potions of resistance {unknown}
 i - a potion of heal wounds {unknown}
 j - a potion of brilliance {unknown}


   Skills:
 + Level 1.9 Short Blades
 + Level 2.7 Dodging
 + Level 5.0 Stealth
 + Level 2.3 Spellcasting
 + Level 4.9 Hexes


You had one spell level left.
You knew the following spells:

 Your Spells              Type           Power      Damage    Failure   Level
a - Ensorcelled Hibernat  Hex/Ice        20%        N/A       11%         2
b - Confusing Touch       Hex            18%        N/A       8%          3

Your spell library contained the following spells:

 Spells                   Type           Power      Damage    Failure   Level
 Slow                     Hex            72%        N/A       2%          1
 Tukima's Dance           Hex            18%        N/A       8%          3
 Dazzling Flash           Conj/Hex       20%        N/A       21%         3
 Vampiric Draining        Necr           2%         2d6       50%         3


Dungeon Overview and Level Annotations

Branches:
Dungeon (2/15)

Altars:


Innate Abilities, Weirdness & Mutations

You do not regenerate when monsters are visible.
You are frail without blood (-20% HP).
You can heal yourself when you bite living creatures.
You are immune to poison.
You have razor-sharp teeth.
You have supernaturally acute eyesight. (SInv)
You are afflicted with vampirism and can become a bat while bloodless.


Message History

Aiming: Ensorcelled Hibernation (safe; 11% risk of failure)
Press: ? - help, Shift-Dir - straight line, f - adder
Aim: an adder (chance to affect: 52%)
The adder resists with significant effort.
The adder bites you.
Casting: Ensorcelled Hibernation (safe; 11% risk of failure)
Confirm with . or Enter, or press ? or * to list all spells.
Aiming: Ensorcelled Hibernation (safe; 11% risk of failure)
Press: ? - help, Shift-Dir - straight line, f/p - adder
Aim: an adder (chance to affect: 52%)
The adder resists with significant effort.
The adder bites you but does no damage.
Casting: Ensorcelled Hibernation (safe; 11% risk of failure)
Confirm with . or Enter, or press ? or * to list all spells.
Aiming: Ensorcelled Hibernation (safe; 11% risk of failure)
Press: ? - help, Shift-Dir - straight line, f/p - adder
Aim: an adder (chance to affect: 52%)
The adder resists with significant effort.
The adder bites you. The adder barely misses you.
The adder attacks as you move away! The adder closely misses you.
The adder bites you.
There is a stone staircase leading up here.
The adder barely misses you. The quokka misses you.
You climb upwards.
There is a stone staircase leading down here.
The adder attacks as you move away! The adder misses you.
The adder completely misses you. The adder attacks as you move away!
The adder bites you. The adder attacks as you move away! The adder bites you.
The adder closely misses you. The adder bites you.
* * * LOW HITPOINT WARNING * * *
Casting: Ensorcelled Hibernation (safe; 11% risk of failure)
Confirm with . or Enter, or press ? or * to list all spells.
Aiming: Ensorcelled Hibernation (safe; 11% risk of failure)
Press: ? - help, Shift-Dir - straight line, f - adder
Aim: an adder (chance to affect: 52%)
The adder resists with significant effort.
The adder bites you.
You die...

..# ###..##.#..# ## #.#
#....#.###.## ##. #.# #.#.#.##
##.# #.# ..# #.#.##.###.## ##.
### #...###.#.## ####### # #.###
##.####### #...... # #.# #.#
#...########...... #
#.######.###............##### #
#.>........S@......####.# #
#.#####............####.##### ##
#[#####......................
.####.....................#.#####
#.....#####..###...######.#>#####
##...........# #...# #........
#.###.......## #...# ###......
.## ######### ##### ####### ##


You could see an adder.

Vanquished Creatures
  An adder (D:2)
  3 ball pythons (D:1)
  An endoplasm (D:1)
  8 giant cockroaches (D:1)
  A hobgoblin (D:1)
  5 jackals (D:1)
  4 kobolds
  3 quokkas (D:1)
  A bat (D:1)
  A frilled lizard (D:1)
28 creatures vanquished.

Notes
Turn   | Place    | Note
-------+----------+-------------------------------------------
     0 | D:1      | Smoke131 the Vampire Enchanter began the quest for the Orb.
     0 | D:1      | Reached XP level 1. HP: 13/13 MP: 3/3
   113 | D:1      | Reached XP level 2. HP: 15/15 MP: 5/5
   707 | D:1      | Gained mutation: You are afflicted with vampirism and can
                  | become a bat while bloodless. [Vampire growth]
   707 | D:1      | Reached XP level 3. HP: 16/19 MP: 6/6
   804 | D:2      | Learned a level 2 spell: Ensorcelled Hibernation
   808 | D:2      | Learned a level 3 spell: Confusing Touch
   890 | D:2      | Reached skill level 5 in Stealth
   952 | D:1      | Slain by an adder

Illustrated notes

Levels and vault maps discovered:
D:1:      ncdulo_wetmaze, layout_loops_ring, minmay_worlds_worst_comb
D:2:      layout_loops_corners

Skill      XL: |  1  2  3 |
---------------+----------+-----
Stealth        | 5 |  5.0
Short Blades   | |  1.9
Dodging        | |  2.7
Spellcasting   | |  2.3
Hexes          | |  4.9

Action                     || total
---------------------------++-------
  Melee: Dagger            ||    40
         Bite              ||     1
   Cast: Ensorcelled Hiber ||     5
Ability: Exsanguinate      ||     1
   Stab: Sleeping          ||    22
 Armour: Robe              ||     2
  Dodge: Dodged            ||    21

Table legend: (Time is in decaauts)
 A = Elapsed time spent in this place.
 B = Non-inter-level travel time spent in this place.
 C = Inter-level travel time spent in this place.
 D = Time resting spent in this place.
 E = Time spent auto-exploring this place.
 F = Levels seen in this place.
 G = Mean time per level.
                   A        B        C        D        E       F      G
               +--------+--------+--------+--------+--------+-----+--------+
         Total |    955 |    938 |     17 |      0 |    708 |   2 |  477.5 |
       Dungeon |    955 |    938 |     17 |      0 |    708 |   2 |  477.5 |
               +--------+--------+--------+--------+--------+-----+--------+

Top non-repeatable levels by time:
     D:1: 778 daAuts
     D:2: 177 daAuts
